 Dungeon Crawl Stone Soup version 0.28.0-47-ge53b351184 (webtiles) character file.

Game seed: 17681178111198981506

597 bobregger the Grappler (level 7, -1/99 HPs)
             Began as a Troll Berserker on Apr 27, 2022.
             Was a Believer of Trog.
             Slain by a gnoll
             ... wielding a +0 spear
              (9 damage)
             ... on level 5 of the Dungeon.
             The game lasted 00:04:10 (3407 turns).

bobregger the Grappler (Troll Berserker)            Turns: 3407, Time: 00:04:10

Health: -1/99      AC:  4    Str: 28    XL:     7   Next: 17%
Magic:  6/6        EV: 10    Int:  3    God:    Trog [**....]
Gold:   278        SH:  0    Dex: 15    Spells: 6/6 levels left

rFire   . . .      SeeInvis +     - Unarmed
rCold   . . .      Faith    .   (no shield)
rNeg    . . .      Spirit   .   a - +0 animal skin
rPois   .          Reflect  .   (helmet restricted)
rElec   .          Harm     .   (no cloak)
rCorr   .          Rampage  .   (gloves unavailable)
Will    ++...                   (boots unavailable)
Stlth   ..........              (no amulet)
HPRegen 2.06/turn               l - ring of see invisible
MPRegen 0.10/turn               s - +6 ring of dexterity

@: berserking, strong-willed (expiring), regenerating (expiring), very quick
A: large, unfitting armour, claws 3, regeneration 1, shaggy fur 1, tough skin 1
a: Renounce Religion, Berserk, Trog's Hand


You were on level 5 of the Dungeon.
You worshipped Trog.
Trog was pleased with you.
You visited 1 branch of the dungeon, and saw 5 of its levels.

You collected 278 gold pieces.

Inventory:

Armour
 a - a +0 animal skin (worn)
Jewellery
 j - a ring of ice
 l - a ring of see invisible (left claw)
 s - a +6 ring of dexterity (right claw)
Scrolls
 c - 2 scrolls of amnesia {unknown}
 d - a scroll of noise {unknown}
 f - 2 scrolls of fog {unknown}
 h - 3 scrolls of identify {unknown}
 i - 2 scrolls of teleportation {unknown}
 m - a scroll of torment {unknown}
 n - 2 scrolls of fear {unknown}
 o - a scroll of holy word {unknown}
 t - a scroll of vulnerability {unknown}
Potions
 b - 2 potions of degeneration {unknown}
 e - a potion of attraction {unknown}
 g - 3 potions of magic {unknown}
 k - a potion of resistance {unknown}
 p - a potion of might {unknown}
 q - a potion of berserk rage {unknown}
 r - a potion of haste {unknown}
 u - 2 potions of ambrosia {unknown}
 v - a potion of curing {unknown}


   Skills:
 - Level 2.4 Fighting
 - Level 2.4 Dodging
 + Level 8.3 Unarmed Combat


You had 6 spell levels left.
You didn't know any spells.
Your spell library was empty.

Dungeon Overview and Level Annotations

Branches:
Dungeon (5/15)
 Temple: D:4-7

Altars:


Innate Abilities, Weirdness & Mutations

You are too large for most types of armour.
You have claws for hands.
Your natural rate of healing is unusually fast.
You are covered in fur. (AC +1)
You have tough skin. (AC +1)


Message History

Your skin crawls.
You feel strong-willed.
You barely miss the gnoll. The gnoll hits you with a +0 club.
* * * LOW HITPOINT WARNING * * *
You scratch the gnoll but do no damage. Your claw misses the gnoll.
The gnoll barely misses you.
You claw the gnoll!
The gnoll is almost dead.
The gnoll hits you with a +0 club.
* * * LOW HITPOINT WARNING * * *
The gnoll hits you from afar with a +0 spear.
* * * LOW HITPOINT WARNING * * *
A red film seems to cover your vision as you go berserk!
You feel yourself moving faster!
You feel mighty!
The gnoll hits you from afar with a +0 spear.
* * * LOW HITPOINT WARNING * * *
The gnoll hits you with a +0 club!
* * * LOW HITPOINT WARNING * * *
You claw the gnoll!
You kill the gnoll!
Trog accepts your kill.
A gnoll comes into view. It is wielding a +0 whip.
The centaur shoots an arrow.
The arrow hits you!
* * * LOW HITPOINT WARNING * * *
The gnoll hits you from afar with a +0 spear.
* * * LOW HITPOINT WARNING * * *
You have reached level 7!
The centaur unwields a +0 shortbow.
The centaur barely misses you. x2
Things that are here:
a +0 club; a gnoll corpse You closely miss the centaur.
The gnoll barely misses you.
You mangle the centaur!!
You kill the centaur!
Trog accepts your kill.
Found 7 gold pieces.
You feel the effects of Trog's Hand fading.
The gnoll hits you with a +0 whip.
* * * LOW HITPOINT WARNING * * *
The gnoll hits you with a +0 spear!
You die...

###.##.######
#..)......#
#.#######.# #
#.# #.#### $.
#.# #....##
... ###.#
####..## ....
....# ##..#
..... <####
##)#...... .#
#@g...... .#
#..g...... .#
...#.......
.# .....
.:.....
####..
...##..
###....
.....# ## #.#
#### ######
#. .. ####..


You could see 2 gnolls.

Vanquished Creatures
  An orc warrior (D:4)
  A phantom (D:4)
  2 centaurs
  A scorpion (D:4)
  A hound (D:3)
  An orc wizard (D:4)
  A hound zombie (D:5)
  2 gnolls
  3 adders
  A worm (D:3)
  A dart slug (D:4)
  17 orcs
  4 ball pythons
  2 endoplasms
  3 giant cockroaches
  7 hobgoblins
  3 jackals
  6 quokkas
  7 bats
  5 frilled lizards
  10 goblins
  3 kobolds
  5 rats
87 creatures vanquished.

Notes
Turn   | Place    | Note
-------+----------+-------------------------------------------
     0 | D:1      | bobregger the Troll Berserker began the quest for the Orb.
     0 | D:1      | Reached XP level 1. HP: 22/22 MP: 0/0
   109 | D:1      | Reached XP level 2. HP: 29/29 MP: 1/1
   121 | D:1      | Found a faded altar of an unknown god.
   469 | D:1      | Reached skill level 4 in Unarmed Combat
   822 | D:2      | Reached XP level 3. HP: 36/36 MP: 2/2
  1017 | D:2      | Reached ** piety under Trog
  1917 | D:3      | Reached skill level 5 in Unarmed Combat
  1917 | D:3      | Reached XP level 4. HP: 44/44 MP: 3/3
  2354 | D:4      | Noticed a centaur
  2669 | D:4      | Killed a centaur
  2670 | D:4      | Reached skill level 6 in Unarmed Combat
  2670 | D:4      | Reached XP level 5. HP: 46/50 MP: 4/4
  2749 | D:4      | Noticed a phantom
  2757 | D:4      | Killed a phantom
  2758 | D:4      | Reached XP level 6. HP: 59/59 MP: 5/5
  2812 | D:4      | Noticed an orc warrior
  2818 | D:4      | Killed an orc warrior
  2819 | D:4      | Reached skill level 7 in Unarmed Combat
  3142 | D:5      | Entered Level 5 of the Dungeon
  3281 | D:5      | Reached skill level 8 in Unarmed Combat
  3404 | D:5      | Reached XP level 7. HP: 6/66 MP: 6/6
  3407 | D:5      | Slain by a gnoll

Illustrated notes

Levels and vault maps discovered:
D:1:      evilmike_arrival_crescent, layout_loops_ring,
          shapermc_ecumenical_altar_venn
D:2:      layout_loops_corners
D:3:      layout_loops_ring, minmay_divided_ellipse
D:4:      layout_rooms
D:5:      layout_rooms

Skill      XL: |  1  2  3  4  5  6 |
---------------+-------------------+-----
Unarmed Combat | 4 5 6 8 |  8.3
Fighting       | |  2.4
Dodging        | |  2.4

Action                   |  1- 3 |  4- 6 |  7- 9 || total
-------------------------+-------+-------+-------++-------
Melee: Unarmed           |    99 |    97 |     2 ||   198
       Punch             |     6 |     1 |       ||     7
Invok: Berserk           |       |     3 |       ||     3
       Trog's Hand       |       |     1 |       ||     1
Armor: Animal skin       |    39 |    28 |       ||    67
Dodge: Dodged            |    56 |    67 |     3 ||   126
